 Dungeon Crawl Stone Soup version 0.21-a0-529-g8c7b3f5 (webtiles) character file.

53 slep the Chopper (level 3, -1/27 HPs)
             Began as a Demonspawn Gladiator on Dec 10, 2017.
             Slain by a gnoll
             ... wielding a +0 spear
              (3 damage)
             ... on level 2 of the Dungeon.
             The game lasted 00:03:08 (804 turns).

slep the Chopper (Demonspawn Gladiator)              Turns: 804, Time: 00:03:08

Health: -1/27      AC:  3    Str: 14    XL:     3   Next: 64%
Magic:  3/3        EV: 13    Int:  9    God:
Gold:   89         SH:  0    Dex: 15    Spells: 2/2 levels left

rFire    . . .     SeeInvis .   j - +1 hand axe (flame)
rCold    . . .     Gourm    .   (no shield)
rNeg     . . .     Faith    .   b - +0 leather armour
rPois    .         Spirit   .   (helmet restricted)
rElec    .         Reflect  .   (no cloak)
rCorr    .         Harm     .   (no gloves)
MR       .....                  (no boots)
Stlth    +.........             (no amulet)
HPRegen  0.09/turn              (no ring)
MPRegen  0.08/turn              (no ring)

@: no status effects
A: antennae 1
a: no special abilities


You were on level 2 of the Dungeon.
You were not hungry.

You visited 1 branch of the dungeon, and saw 2 of its levels.

You collected 89 gold pieces.

Inventory:

Hand Weapons
 a - a +0 war axe
 j - a +1 hand axe of flaming (weapon)
Missiles
 d - 3 throwing nets (quivered)
Armour
 b - a +0 leather armour (worn)
 c - a +0 helmet
Scrolls
 e - a scroll of remove curse {unknown}
 i - 2 scrolls of identify {unknown}
 k - a scroll of enchant weapon {unknown}
 l - 3 scrolls of immolation {unknown}
Potions
 g - a potion of curing {unknown}
 h - a potion of berserk rage {unknown}
Comestibles
 f - 2 bread rations


   Skills:
 + Level 2.1 Fighting
 + Level 3.5 Axes
 + Level 1.8 Throwing
 + Level 0.4 Armour
 + Level 3.3 Dodging
 + Level 0.1 Stealth


You had 2 spell levels left.
You didn't know any spells.

Dungeon Overview and Level Annotations

Branches:
Dungeon (2/15)

Altars:
Ashenzari


Innate Abilities, Weirdness & Mutations

You have a pair of small antennae on your head.


Message History

A gnoll comes into view. It is wielding a spear.
You barely miss Robin.
Robin is severely wounded.
The gnoll shouts!
The gnoll moves out of view.
Robin hits you but does no damage.
You hit Robin. You burn Robin.
You kill Robin!
Items here: ( ))))) [[ †
Okay, then.
Found 13 stones.
The gnoll hits you but does no damage.
You barely miss the gnoll. The gnoll closely misses you.
You hit the gnoll. You burn the gnoll.
The gnoll is severely wounded.
The gnoll hits you with a spear!
* * * LOW HITPOINT WARNING * * *
You hit the gnoll. You burn the gnoll.
The gnoll is almost dead.
The gnoll hits you with a spear.
You die...

... ... .. .. #.( ..
###..###. #........ #.#
........####....##. #
......g............ ..
.......@#### #..## #.
.........))# #..####.
........##(# ##.......
##########.#####.....##.
##...................
##....................
#.....................
#.....................
#................)....


You could see a gnoll.

Vanquished Creatures
  Robin (D:2)
  An ooze (D:1)
  A ball python (D:1)
  A giant cockroach (D:1)
  11 goblins
  5 hobgoblins
  3 jackals (D:1)
  7 bats
  A frilled lizard (D:1)
  A kobold (D:1)
  4 rats (D:1)
36 creatures vanquished.

Notes
Turn   | Place    | Note
-------+----------+-------------------------------------------
     0 | D:1      | slep the Demonspawn Gladiator began the quest for the Orb.
     0 | D:1      | Reached XP level 1. HP: 16/16 MP: 1/1
   146 | D:1      | Gained mutation: You have a pair of small antennae on your head. [demonic ancestry]
   146 | D:1      | Reached XP level 2. HP: 13/22 MP: 2/2
   203 | D:1      | Found a shattered altar of Ashenzari.
   550 | D:1      | Reached XP level 3. HP: 23/27 MP: 3/3
   778 | D:2      | Noticed Robin
   798 | D:2      | Killed Robin
   804 | D:2      | Slain by a gnoll

Vault maps used:
D:1:      lemuel_arrival_river_ford, ashenzari_altar_1
D:2:      chequers_temple_overflow_statue_of_worship, uniq_robin,
          uniq_crazy_yiuf_cottage

Skill      XL: |  1  2 |
---------------+-------+-----
Dodging        | 3 |  3.3
Axes           | 3 |  3.5
Fighting       | |  2.1
Throwing       | |  1.8
Armour         | |  0.4
Stealth        | |  0.1

Action                   || total
-------------------------++-------
Melee: War axe           ||    76
       Hand axe          ||    24
Armor: Leather armour    ||    45
Dodge: Dodged            ||   106

Table legend:
 A = Spawn XP
 B = Non-spawn XP
 C = Spawn XP percentage of total XP
 D = Spawn monster count
 E = Non-spawn monster count
 F = Spawn count percentage of total count
 G = Total turns spent on level
                    A         B        C        D         E        F      G
               +---------+---------+-------+---------+---------+-------+---------
         Total |       0 |      77 |   0.0 |       0 |      36 |   0.0 |   804
               +---------+---------+-------+---------+---------+-------+---------
           D:1 |       0 |      43 |   0.0 |       0 |      24 |   0.0 |   738
           D:2 |       0 |      34 |   0.0 |       0 |      12 |   0.0 |    66
               +---------+---------+-------+---------+---------+-------+---------
